 Dungeon Crawl Stone Soup version 0.14-a0-2340-g8df0fbc (webtiles) character file.

344 M4edhros the Vandal (level 6, -14/38 HPs)
             Began as an Octopode Hunter on Jan 30, 2014.
             Was an Initiate of Okawaru.
             Demolished by an orange rat (17 damage)
             ... in a sewer.
             The game lasted 00:06:23 (1958 turns).

M4edhros the Vandal (Octopode Hunter)               Turns: 1958, Time: 00:06:24

HP -14/38        AC  1     Str 11      XL: 6   Next:  7%
MP   6/6         EV 12     Int 13      God: Okawaru [......]
Gold 106         SH  0     Dex 15      Spells:  0 memorised,  5 levels left

rFire  . . .     SeeInvis .     a - +0 short sword
rCold  . . .     Clarity  .     (no shield)
rNeg   + . .     Conserve .     (helmet restricted)
rPois  .         rCorr    .     (no amulet)
rElec  .         rRot     .     x - ring of positive energy {unknown}
SustAb . .       Spirit   .     (no ring)
rMut   .         Warding  .     (no ring)
Saprov . . .     Stasis   .     (no ring)
MR     .....                    (no ring)
                                (no ring)
                                (no ring)
                                (no ring)

@: drained, not resistant to hostile enchantments, stealthy
A: almost no armour, amphibious, 8 rings, constrict 8, camouflage 1, gelatinous
body 1
a: Renounce Religion


You were in a sewer.
You worshipped Okawaru.
Okawaru was noncommittal.
You were hungry.

You visited 1 branch of the dungeon, and saw 4 of its levels.
You also visited: Sewer.

You collected 106 gold pieces.

Inventory:

Hand weapons
 a - a +0,+0 short sword (weapon)
 b - a +1,+1 sling
Missiles
 c - 39 sling bullets
 d - 9 stones (quivered)
Comestibles
 f - 2 bread rations
 i - a rambutan
 w - an apple
Scrolls
 e - 3 scrolls of remove curse {unknown}
 g - a scroll of recharging {unknown}
 j - 3 scrolls of identify {unknown}
 l - 2 scrolls of amnesia {unknown}
 p - a scroll of curse weapon {unknown}
 q - a scroll of random uselessness {unknown}
 s - 3 scrolls of fear {unknown}
 y - a scroll of teleportation {unknown}
 z - a scroll of magic mapping {unknown}
Jewellery
 x - a ring of positive energy (left tentacle) {unknown}
Potions
 h - 2 potions of flight
 v - 2 potions of brilliance
Books
 k - a book of Maledictions

   Spells                             Type                      Level
   Corona                             Hexes                        1
   Sure Blade                         Hexes/Charms                 2
   Ensorcelled Hibernation            Hexes/Ice                    2
   Confuse                            Hexes                        3
   Enslavement                        Hexes                        4
   Invisibility                       Hexes                        6
 u - a book of Power

   Spells                             Type                      Level
   Iskenderun's Mystic Blast          Conjuration                  4
   Venom Bolt                         Conjuration/Poison           5
   Bolt of Magma                      Conjuration/Fire/Earth       5
   Fulminant Prism                    Conjuration/Hexes            5
   Iron Shot                          Conjuration/Earth            6
   Orb of Destruction                 Conjuration                  7


   Skills:
 - Level 1.0(0.6) Fighting
 + Level 7.1(6.6) Slings
 - Level 2.0(1.6) Dodging
 - Level 1.3(0.9) Stealth


You had 5 spell levels left.
You didn't know any spells.

Dungeon Overview and Level Annotations

Branches:
Dungeon (4/16)
 Temple: D:4-7

Altars:
Dithmengos
Elyvilon
Kikubaaqudgha
Okawaru
Sif Muna
Trog
Yredelemnul


Innate Abilities, Weirdness & Mutations

You cannot wear most types of armour.
You are amphibious.
You can wear up to eight rings at the same time.
You can use your tentacles to constrict many enemies at once.
Your skin changes colour to match your surroundings (Stlth).
Your rubbery body absorbs attacks (AC +1).


Message History

The orange rat bites you!
* * * LOW HITPOINT WARNING * * *
You partially resist.
You feel drained.
* * * LOW HITPOINT WARNING * * *
The orange rat misses you.
Drink which item? (? for menu, Esc to quit)
You feel better.
You constrict the orange rat. The orange rat closely misses you.
Unknown command.
Unknown command.
Drink which item? (? for menu, Esc to quit)
You feel better.
You constrict the orange rat, but do no damage.
The orange rat bites you!
* * * LOW HITPOINT WARNING * * *
Unknown command.
Unknown command.
You release your grip on the orange rat.
The orange rat bites you!
You die...

##..%.... #....r..
#..r.r. #...r# ##.# ##
#.#####.# .###..#..#
..#r#..# #.#@#.#
######.#.###############
..≈.≈≈≈≈.≈≈≈.≈...≈.≈..≈.
≈...≈≈.≈≈.≈≈≈..≈...≈.≈.≈≈
#######≈################
#≈# #≈# #.# #≈#


You could see an orange rat.

Vanquished Creatures
  An orc wizard (D:3)
  2 big fish
  4 gnolls (D:4)
  A worm (D:2)
  3 adders
  2 giant geckos (D:4)
  4 orcs (D:3)
  2 ball pythons (Sewer)
  7 bats
  A giant cockroach (D:2)
  4 goblins
  A grey rat (Sewer)
  8 hobgoblins
  5 jackals (D:4)
  7 kobolds
  A quokka (D:3)
  8 giant newts
  A hobgoblin skeleton (D:4)
  7 rats
69 creatures vanquished.

Notes
Turn   | Place    | Note
--------------------------------------------------------------
     0 | D:1      | M4edhros, the Octopode Hunter, began the quest for the Orb.
     0 | D:1      | Reached XP level 1. HP: 13/13 MP: 1/1
   304 | D:1      | Reached XP level 2. HP: 18/18 MP: 2/2
   697 | D:2      | Found an ancient bone altar of Kikubaaqudgha.
   779 | D:2      | Reached skill level 5 in Slings
   779 | D:2      | Reached XP level 3. HP: 23/23 MP: 3/3
  1080 | D:3      | Reached XP level 4. HP: 24/28 MP: 4/4
  1335 | D:4      | Reached skill level 6 in Slings
  1425 | D:4      | Found a shadowy altar of Dithmengos.
  1430 | D:4      | Found a basalt altar of Yredelemnul.
  1430 | D:4      | Found a white marble altar of Elyvilon.
  1432 | D:4      | Found an iron altar of Okawaru.
  1432 | D:4      | Found a deep blue altar of Sif Muna.
  1433 | D:4      | Found a bloodstained altar of Trog.
  1443 | D:4      | Became a worshipper of Warmaster Okawaru
  1500 | D:4      | Reached XP level 5. HP: 33/33 MP: 5/5
  1576 | D:4      | Found a glowing drain.
  1628 | Sewer    | Entered a sewer
  1817 | Sewer    | Paralysed by a potion of paralysis for 3 turns
  1879 | Sewer    | Reached skill level 7 in Slings
  1879 | Sewer    | Reached XP level 6. HP: 32/38 MP: 6/6
  1958 | Sewer    | Demolished by an orange rat

Action                   |  1- 3 |  4- 6 || total
-------------------------+-------+-------++-------
Melee: Short sword       |       |    35 ||    35
 Fire: Sling             |   102 |    61 ||   163
Throw: Stone             |       |     4 ||     4
  Use: Potion            |     2 |     8 ||    10
 Stab: Sleeping          |       |     2 ||     2
